Map: Blackpink LE

Players

velox - Winner!

  • Race: Zerg Zerg
  • Spawn Location: 1:00

Valahano

  • Race: Terran Terran
  • League: Silver
  • Spawn Location: 7:00

VOD

Have the link to the VOD?

Description

test

Time

  • Played on: Nov. 27, 2017, 2:08 p.m.
  • Length: 12:05
Show
View Real Time Build Order
Export as new Build Order

velox Zerg - Winner!

Build Orders: Hatch First, Lurkers 

Get SALT Encoding   

  12  0:02  Drone  
  13  0:14  Overlord  
  13  0:19  Drone  
  14  0:33  Drone x2  
  16  0:40  Drone  
  17  0:56  Hatchery  
  16  0:59  Drone  
  17  1:09  Extractor  
  16  1:15  Spawning Pool  
  16  1:17  Drone  
  16  1:23  Drone  
  16  1:24  Drone  
  18  1:35  Drone  
  19  2:08  Queen  
  19  2:11  Hatchery  
  19  2:13  Metabolic Boost  
  20  2:22  Queen  
  20  2:27  Zergling x2  
  23  2:34  Zergling x4  
  25  2:43  Drone  
  25  2:44  Drone  
  27  2:51  Drone  
  28  3:03  Overlord x2  
  28  3:24  Queen  
  28  3:25  Queen  
  32  3:34  Drone x6  
  37  3:47  Drone x4  
  41  3:59  Drone x5  
  46  4:16  Drone x3  
  49  4:20  Lair  
  49  4:22  Extractor  
  48  4:31  Extractor, Drone  
  49  4:32  Drone  
  49  4:33  Overlord x3  
  49  4:34  Extractor  
  49  4:36  Extractor  
  49  4:37  Extractor, Queen  
  48  4:44  Evolution Chamber  
  47  4:51  Evolution Chamber  
  46  4:55  Roach Warren  
  46  4:57  Drone x5  
  50  5:07  Drone x5  
  50  5:08  Drone  
  56  5:21  Hydralisk Den  
  56  5:22  Drone x5  
  60  5:29  Drone x3  
  60  5:31  Zerg Missile Weapons Level 1  
  63  5:44  Zerg Ground Armor Level 1  
  63  5:48  Drone x4  
  63  5:49  Drone x3  
  70  6:07  Overlord x2  
  70  6:08  Overlord, Drone  
  70  6:09  Drone x2  
  70  6:10  Muscular Augments  
  73  6:17  Lurker Den  
  72  6:20  Spore Crawler  
  72  6:22  Spore Crawler  
  72  6:23  Spore Crawler  
  69  6:31  Hydralisk x6  
  81  6:38  Drone x6  
  87  7:00  Hydralisk x2  
  87  7:01  Hydralisk x3  
  91  7:02  Overlord  
  97  7:14  Hatchery  
  96  7:20  Queen  
  91  7:39  Hydralisk x11  
  90  7:54  Hydralisk  
  90  7:55  Hydralisk x4  
  94  8:12  Hatchery  
  82  8:21  Zerg Missile Weapons Level 2  
  82  8:22  Zerg Ground Armor Level 2  
  82  8:25  Drone x4  
  82  8:26  Drone x3  
  89  8:40  Extractor  
  88  8:44  Extractor, Lurker  
  88  8:45  Lurker x7  
  95  8:58  Hydralisk  
  95  8:59  Hydralisk x2  
  95  9:00  Overlord  
  95  9:01  Overlord, Drone  
  95  9:02  Drone x5  
  107  9:36  Hydralisk x8  
  107  9:37  Hydralisk  
  125  9:56  Overlord  
  125  9:57  Overlord x2, Hydralisk x4  
  133  10:15  Infestation Pit  
  133  10:18  Extractor  
  131  10:22  Hydralisk x8  
  131  10:23  Hydralisk  
  131  10:24  Overlord x3  
  149  10:29  Overseer  
  135  10:59  Hydralisk x10  
  135  11:00  Hydralisk  
Show
View Real Time Build Order
Export as new Build Order

Valahano Terran 

Build Orders: Bio Tank 

Get SALT Encoding   

  12  0:01  SCV  
  13  0:17  SCV, Supply Depot  
  14  0:30  SCV  
  15  0:40  Barracks  
  15  0:42  SCV  
  16  0:55  SCV  
  17  1:08  SCV  
  17  1:11  Barracks  
  18  1:16  Refinery  
  18  1:20  SCV  
  19  1:28  Supply Depot  
  19  1:30  Marine  
  20  1:33  Orbital Command  
  20  2:01  Marine  
  20  2:02  SCV  
  20  2:03  Marine  
  23  2:11  Refinery  
  23  2:16  Command Center  
  23  2:19  Barracks Tech Lab  
  23  2:21  Marine  
  24  2:24  SCV  
  25  2:37  SCV  
  26  2:38  Marine  
  26  2:39  Stimpack  
  27  2:46  Barracks Tech Lab  
  27  2:49  SCV  
  28  2:58  Factory  
  28  3:00  Marine  
  28  3:03  SCV  
  30  3:13  Engineering Bay  
  30  3:16  Supply Depot  
  30  3:18  Combat Shields  
  30  3:20  Marine  
  30  3:26  Supply Depot  
  31  3:27  Marine  
  32  3:47  Bunker  
  32  3:49  Orbital Command  
  32  3:52  Marine  
  32  3:55  Marine  
  34  3:56  Factory Tech Lab  
  34  3:57  SCV  
  35  4:07  Terran Infantry Weapons Level 1, Supply Depot  
  35  4:10  Marine  
  35  4:13  Starport  
  36  4:18  SCV  
  37  4:24  Marine  
  37  4:28  Marine  
  37  4:29  Siege Tank  
  42  4:35  SCV x2  
  44  4:43  Supply Depot  
  44  4:47  SCV x2  
  44  4:52  Supply Depot  
  46  4:57  Armory  
  46  4:59  SCV  
  47  5:01  Engineering Bay  
  47  5:04  Widow Mine  
  49  5:11  Medivac  
  51  5:18  Refinery  
  51  5:21  Refinery  
  51  5:22  SCV x2  
  53  5:34  SCV x2  
  55  5:37  Siege Tank  
  55  5:41  Medivac  
  60  5:47  SCV x2  
  62  5:59  SCV  
  62  6:02  Command Center  
  62  6:04  Marine x2  
  65  6:11  Medivac  
  65  6:15  SCV x2  
  69  6:21  Marine  
  69  6:22  Marine  
  71  6:42  Marine x2  
  71  6:44  Siege Tank  
  76  6:48  SCV  
  76  6:49  SCV  
  76  6:53  Supply Depot  
  78  6:59  Marine  
  78  7:00  SCV  
  78  7:01  SCV  
  81  7:04  Medivac  
  81  7:05  Marine  
  84  7:09  Terran Infantry Weapons Level 2, Supply Depot  
  84  7:10  Terran Infantry Armor Level 1  
  84  7:11  Terran Vehicle Weapons Level 1  
  84  7:17  Siege Tank, Marine  
  84  7:18  Barracks  
  88  7:23  Marine  
  71  8:22  Medivac  
  71  8:23  Siege Tank  
  71  8:24  Marine x2  
  71  8:25  Marine  
  79  8:42  Marauder  
  79  8:43  Marauder  
  83  8:52  Medivac  
  85  8:55  Siege Tank  
  85  8:56  Barracks, Barracks Reactor  
  88  9:04  Marauder  
  88  9:05  Marauder  
  92  9:17  Factory  
  92  9:19  Orbital Command  
  92  9:20  SCV  
  92  9:21  SCV  
  94  9:25  Medivac  
  94  9:30  Terran Vehicle Weapons Level 2, Terran Infantry Armor Level 2, Starport  
  96  9:32  SCV  
  96  9:33  SCV  
  98  9:45  SCV x2  
  100  9:56  Barracks Tech Lab  
  100  9:57  SCV x2, Starport Reactor  
  100  9:59  Siege Tank  
  105  10:00  Widow Mine  
  105  10:04  Marauder x2, Marine x2  
  113  10:09  SCV x2  
  113  10:13  Supply Depot  
  115  10:15  Supply Depot, Refinery x2  
  115  10:22  Marine x2  
  117  10:34  Marine, Widow Mine  
  117  10:35  Marauder x2  
  124  10:36  Siege Tank  
  124  10:40  Marine x2  
  129  10:44  Supply Depot  
  93  10:52  Marine  
  93  10:54  Command Center  
  93  10:56  Marauder, Marine  
  89  10:57  Marine  
  89  10:58  Marine  
  89  11:03  Widow Mine  
  93  11:10  Marauder  
  95  11:12  Hellbat  
  95  11:13  Marine  
  95  11:15  Marine x2  
  95  11:17  Marine  
  76  11:31  Marine  
  66  11:43  Marine  
  66  11:45  Marine  
  66  11:46  Marine x2  
Tags
 
Composition
Bio TankLurkers
League
Silver
Matchup
TvZ
Spawn Locations
Cross Positions
Add a new tag
Caveats
  • Supply blocks, unpowered buildings, or Contaminate may cause inaccurate times.
  • Supply counts are checked every 10 seconds.